Map: Ruins of Seras

Players

Alex

  • Race: Zerg Zerg
  • League: Platinum

capac - Winner!

  • Race: Terran Terran
  • League: Gold

VOD

Have the link to the VOD?

Description

Time

  • Played on: Feb. 23, 2016, 3:10 p.m.
  • Length: 3:47
Show
View Real Time Build Order
Export as new Build Order

Alex Zerg 

Build Orders: Hatch First 

Get SALT Encoding   

  12  0:01  Drone  
  13  0:13  Overlord  
  13  0:18  Drone  
  14  0:34  Drone  
  14  0:35  Drone  
  16  0:36  Drone  
  17  0:58  Hatchery, Drone  
  17  1:05  Drone  
  18  1:15  Spawning Pool  
  17  1:21  Drone  
  17  1:25  Overlord  
  18  1:44  Drone  
  18  1:45  Drone  
  20  2:00  Drone  
  21  2:11  Queen, Hatchery  
  21  2:12  Extractor  
  21  2:18  Queen  
  23  2:25  Drone  
  24  2:33  Drone  
  24  2:34  Drone x3  
  24  2:36  Drone  
  29  2:45  Overlord  
  28  2:57  Queen  
  30  3:06  Drone x2  
  30  3:08  Zergling x6  
  35  3:17  Drone  
  35  3:18  Roach Warren  
  35  3:19  Drone  
  36  3:20  Drone  
  37  3:30  Drone  
  37  3:31  Drone x3  
  37  3:34  Drone  
Show
View Real Time Build Order
Export as new Build Order

capac Terran - Winner!

Build Orders:  

Get SALT Encoding   

  12  0:01  SCV  
  13  0:13  SCV  
  14  0:20  Supply Depot  
  14  0:25  SCV  
  15  0:41  SCV  
  16  0:44  Barracks  
  16  0:48  Refinery  
  16  0:57  SCV  
  17  1:09  SCV  
  18  1:21  SCV  
  19  1:33  SCV  
  19  1:34  Barracks Reactor  
  20  1:44  Command Center  
  20  1:49  SCV  
  21  2:01  Supply Depot  
  21  2:02  SCV  
  22  2:18  SCV  
  23  2:22  Marine x2  
  25  2:30  Barracks  
  25  2:39  Orbital Command  
  25  2:51  Marine x2  
  27  3:05  Bunker  
  27  3:06  Refinery, Factory  
  27  3:07  SCV  
  28  3:13  Marine x2  
  28  3:15  SCV  
  28  3:19  Barracks Tech Lab  
  31  3:28  SCV  
  32  3:39  Supply Depot  
Tags
 
Add a new tag
Caveats
  • Supply blocks, unpowered buildings, or Contaminate may cause inaccurate times.
  • Supply counts are checked every 10 seconds.